 Dungeon Crawl Stone Soup version 0.29.0-4-gdea44cf6ec (webtiles) character file.

Game seed: 18423646931897485513

84 qw the Chopper (level 4, 0/26 HPs)
             Began as a Tengu Warper on Aug 28, 2022.
             Slain by a gnoll
             ... wielding a +0 flail
              (5 damage)
             ... on level 3 of the Dungeon.
             The game lasted 00:00:10 (2388 turns).

qw the Chopper (Tengu Warper)                       Turns: 2388, Time: 00:00:10

Health: 0/26       AC:  3    Str: 13    XL:     4   Next: 46%
Magic:  8/8        EV: 12    Int: 13    God:
Gold:   96         SH:  0    Dex: 14    Spells: 7/7 levels left

rFire   . . .      SeeInvis .   f - +0 hand axe (vamp)
rCold   . . .      Faith    .   (no shield)
rNeg    . . .      Spirit   .   b - +0 leather armour
rPois   .          Reflect  .   (helmet restricted)
rElec   .          Harm     .   (no cloak)
rCorr   .          Rampage  .   (no gloves)
Will    .....                   (boots unavailable)
Stlth   +.........              (no amulet)
HPRegen 0.08/turn               (no ring)
MPRegen 0.11/turn               (no ring)

@: no status effects
A: beak, talons 3
a: no special abilities


You were on level 3 of the Dungeon.
You visited 1 branch of the dungeon, and saw 3 of its levels.

You collected 96 gold pieces.


Innate Abilities, Weirdness & Mutations

You have a beak for a mouth.
You have claws for feet.


   Skills:
 - Level 2.0 Fighting
 + Level 5.0 Axes
 - Level 1.0 Throwing
 - Level 1.1 Armour
 - Level 2.1 Dodging
 - Level 2.0 Spellcasting
 - Level 2.4 Translocations


You had 7 spell levels left.
You didn't know any spells.
Your spell library contained the following spells:

 Spells                   Type           Power      Damage    Failure   Level
 Blink                    Tloc           14%        N/A       19%         2
 Gell's Gravitas          Tloc           7%         N/A       36%         3
 Lesser Beckoning         Tloc           7%         N/A       36%         3
 Teleport Other           Tloc           7%         N/A       36%         3
 Manifold Assault         Tloc           7%         N/A       98%         5

Inventory:

Hand Weapons
 c - a +0 whip
 f - a +0 vampiric hand axe (weapon)
Missiles
 a - 10 boomerangs (quivered)
Armour
 b - a +0 leather armour (worn)
Scrolls
 d - a scroll of enchant armour {unknown}
 l - 2 scrolls of identify
Potions
 g - a potion of cancellation
 k - a potion of heal wounds {unknown}

Dungeon Overview and Level Annotations

Branches:
Dungeon (3/15)

Altars:
Makhleb

Shops:
D:2 [


Message History

The gnoll shouts!
The gnoll is lightly wounded.
You hear a shout! x2
A gnoll comes into view. It is wielding a +0 club.
Throw: 10 boomerangs
Press: ? - help, Q - select action Shift-Dir - straight line, f/p - gnoll You throw a boomerang.
The boomerang barely misses the gnoll.
The gnoll shouts!
A gnoll comes into view. It is wielding a +0 flail.
Throw: 10 boomerangs
Press: ? - help, Q - select action Shift-Dir - straight line, f/p - gnoll You throw a boomerang.
The boomerang barely misses the gnoll.
The boomerang completely misses the gnoll.
A quokka comes into view.
A kobold comes into view. It is wielding a +0 short sword.
You completely miss the gnoll. You peck the gnoll.
The gnoll is moderately wounded.
The gnoll closely misses you.
You barely miss the gnoll. You peck the gnoll, but do no damage.
The gnoll is moderately wounded.
The gnoll hits you with a +0 whip!
You hit the gnoll.
You feel better.
You claw the gnoll, but do no damage.
The gnoll is heavily wounded.
You hit the gnoll.
A bat comes into view.
The gnoll hits you with a +0 club. The gnoll barely misses you.
You hit the gnoll but do no damage. You peck the gnoll, but do no damage.
The gnoll is heavily wounded.
You hit the gnoll.
You feel better. The gnoll barely misses you.
You hit the gnoll. You peck the gnoll.
You kill the gnoll!
You hit the gnoll. You completely miss the gnoll.
The gnoll hits you with a +0 flail!
Your Axes skill increases to level 5!
You hit the gnoll but do no damage. Your kick misses the gnoll.
The gnoll is moderately wounded.
You closely miss the gnoll. You hit the gnoll.
You feel better. The gnoll hits you with a +0 club.
The gnoll hits you with a +0 flail.
You die... .............. ............. .....?...... ..........# ######## ........ #.......
Kr.b.

#....... #gg#
#.......
#@g########.......
#.................
###########.......
#....... #.......
#....... #.......
#....... #.......


You could see 3 gnolls, a quokka, a bat and a kobold.

Vanquished Creatures
  A gnoll (D:3)
  3 adders (D:2)
  A worm (D:2)
  2 dart slugs
  2 bats
  2 endoplasms (D:1)
  5 giant cockroaches
  3 goblins
  4 hobgoblins
  4 jackals (D:1)
  2 quokkas (D:1)
  2 ball pythons
  A frilled lizard (D:1)
  3 kobolds
  5 rats
40 creatures vanquished.

Notes
Turn   | Place    | Note
-------+----------+-------------------------------------------
     0 | D:1      | qw the Tengu Warper began the quest for the Orb.
     0 | D:1      | Reached XP level 1. HP: 12/12 MP: 4/4
     0 | D:1      | 0 ||| qw: Version: 0.1-a-89-g26bdef1
     0 | D:1      | 0 ||| qw: Game counter: 1763
     0 | D:1      | 0 ||| qw: Always use a shield: true
     0 | D:1      | 0 ||| qw: God list: Okawaru
     0 | D:1      | 0 ||| qw: Allow faded altars: false
     0 | D:1      | 0 ||| qw: Do Orc after D:15 true
     0 | D:1      | 0 ||| qw: Do second Lair branch before Depths: true
     0 | D:1      | 0 ||| qw: Lair rune preference: random
     0 | D:1      | 0 ||| qw: Plans: Normal
     0 | D:1      | 0 ||| PLANNING D:1-11
   257 | D:1      | Reached skill level 3 in Axes
   257 | D:1      | Reached XP level 2. HP: 17/17 MP: 6/6
   582 | D:1      | 582 ||| Stepping ~*~*~tactically~*~*~ (stealth).
   742 | D:1      | Reached XP level 3. HP: 21/21 MP: 7/7
  1054 | D:1      | 1054 ||| READING scroll labelled PIREHU KOTUNTUMAO.
  1055 | D:1      | 1055 ||| READING scroll labelled LITWESHRUMO.
  1056 | D:1      | 1056 ||| READING scroll labelled JEMERO FATZ.
  1057 | D:1      | 1057 ||| READING 2 scrolls labelled YBBOMYSANN.
  1058 | D:1      | 1058 ||| READING scroll labelled GUSHRYENL PIUW.
  1059 | D:1      | 1059 ||| DROPPING scroll of blinking.
  1089 | D:2      | Reached skill level 4 in Axes
  1371 | D:2      | Reached XP level 4. HP: 16/26 MP: 8/8
  1452 | D:2      | 1452 ||| Stepping ~*~*~tactically~*~*~ (stealth).
  1459 | D:2      | 1459 ||| Stepping ~*~*~tactically~*~*~ (stealth).
  1462 | D:2      | 1462 ||| Stepping ~*~*~tactically~*~*~ (stealth).
  1492 | D:2      | 1492 ||| FLEEEEING.
  1493 | D:2      | 1493 ||| FLEEEEING.
  1510 | D:2      | 1510 ||| FLEEEEING.
  1511 | D:2      | 1511 ||| FLEEEEING.
  1512 | D:2      | 1512 ||| FLEEEEING.
  1513 | D:2      | 1513 ||| FLEEEEING.
  1514 | D:2      | 1514 ||| FLEEEEING.
  1525 | D:2      | 1525 ||| DROPPING +0 club.
  1558 | D:2      | 1558 ||| FLEEEEING.
  1559 | D:2      | 1559 ||| FLEEEEING.
  1755 | D:2      | Found Baqooc's Antique Armour Emporium.
  1772 | D:2      | 1772 ||| SHOPLISTING cloak (108 gold, have 72).
  1772 | D:2      | 1772 ||| SHOPLISTING glowing cloak (180 gold, have 72).
  1772 | D:2      | 1772 ||| SHOPLISTING ring mail (96 gold, have 72).
  1772 | D:2      | 1772 ||| SHOPLISTING steaming plate armour (672 gold, have
                  | 72).
  1790 | D:2      | Found a faded altar of an unknown god.
  2140 | D:2      | 2140 ||| READING scroll labelled LEMNOCKYSTRUM.
  2241 | D:2      | 2241 ||| DRINKING 2 glowing golden potions.
  2294 | D:3      | Found a burning altar of Makhleb.
  2294 | D:3      | Noticed a balrug
  2307 | D:3      | 2307 ||| Stepping ~*~*~tactically~*~*~ (stealth).
  2387 | D:3      | HP: 5/26 [gnoll/+0 flail (10)]
  2388 | D:3      | Reached skill level 5 in Axes
  2388 | D:3      | Slain by a gnoll

Levels and vault maps discovered:
D:1:      dpeg_arrival_rhombi, layout_basic
D:2:      wander_river, layout_loops_ring, basic_ecumenical_altar, serial_shops,
          shop, minmay_worlds_worst_comb
D:3:      kennysheep_big_flooded_room, layout_basic, makhleb_altar_promises_db,
          serial_shops, shop, chequers_serial_rivers_room_a

Skill      XL: |  1  2  3  4 |
---------------+-------------+-----
Axes           | 3 4 5 |  5.0
Fighting       | |  2.0
Throwing       | |  1.0
Armour         | |  1.1
Dodging        | |  2.1
Spellcasting   | |  2.0
Translocations | |  2.4

Action                   |  1- 3 |  4- 6 || total
-------------------------+-------+-------++-------
Melee: Hand axe          |    57 |    30 ||    87
       Kick              |    16 |     8 ||    24
       Peck              |     7 |    10 ||    17
Throw: Boomerang         |    15 |    10 ||    25
  Use: Scroll            |     5 |     1 ||     6
       Potion            |       |     1 ||     1
Armor: Leather armour    |     7 |     4 ||    11
Dodge: Dodged            |    23 |    19 ||    42

Table legend:
 A = Non-vault XP
 B = Vault XP
 C = Vault XP percentage of total XP
 D = Non-vault monster count
 E = Vault monster count
 F = Vault count percentage of total count
                 A         B        C        D         E       F
            +---------+---------+-------+---------+---------+-------
      Total |     113 |       8 |   6.6 |      36 |       4 |  10.0
            +---------+---------+-------+---------+---------+-------
        D:1 |      38 |       0 |   0.0 |      22 |       0 |   0.0
        D:2 |      54 |       8 |  12.9 |       9 |       4 |  30.8
        D:3 |      21 |       0 |   0.0 |       5 |       0 |   0.0
            +---------+---------+-------+---------+---------+-------
